 Dungeon Crawl Stone Soup version 0.31.0-32-g396128a36d (webtiles) character file.

Game seed: 4671578592924655468

840 Alphaeus the Ruffian (level 7, 0/67 HPs)
             Began as a Troll Shapeshifter on Mar 19, 2024.
             Was an Initiate of Qazlal.
             Slain by a lemure (7 damage)
             ... led by Pikel
             ... on level 4 of the Dungeon.
             The game lasted 00:05:02 (2995 turns).

Alphaeus the Ruffian (Troll Shapeshifter)           Turns: 2995, Time: 00:05:02

Health: 0/67       AC:  4    Str: 25    XL:     7   Next: 67%
Magic:  6/6        EV:  9    Int:  6    God:    Qazlal [......]
Gold:   145        SH:  0    Dex:  9    Spells: 6/6 levels left

rFire   . .          .
                       - Unarmed
rCold   . . .        (no shield)
rNeg    . . .        a - +0 animal skin
rPois   .            (helmet currently unavailable)
rElec   .            (cloak currently unavailable)
rCorr   .            (gloves unavailable)
SInv    .            (boots unavailable)
Will    .....        (no amulet)
Stlth   +            (no ring)
HPRegen 1.11/turn    (no ring)
MPRegen 0.10/turn

%: no passive effects
@: beast-form
A: beast (slay +3), large, unfitting armour, claws 3, regeneration 1, shaggy fur
1, tough skin 1
a: Begin Untransformation, Renounce Religion


You were on level 4 of the Dungeon.
You worshipped Qazlal.
Qazlal was noncommittal.
You were a hulking beast.
You visited 2 branches of the dungeon, and saw 6 of its levels.
You also visited: Sewer.

You collected 201 gold pieces.
You spent 56 gold pieces at shops.

Inventory:

Armour
 a - a +0 animal skin (worn)
Talismans
 c - a beast talisman
 d - a flux talisman
Wands
 k - a wand of quicksilver (3)
Scrolls
 e - 4 scrolls of identify {unknown}
 f - 2 scrolls of teleportation {unknown}
 h - a scroll of immolation {unknown}
 i - a scroll of brand weapon {unknown}
 m - a scroll of revelation {unknown}
 p - a scroll of poison {unknown}
 r - a scroll of blinking {unknown}
Potions
 b - 2 potions of lignification
 g - 4 potions of heal wounds {unknown}
 j - 4 potions of haste {unknown}
 l - 7 potions of curing
 n - a potion of mutation {unknown}
 o - a potion of might {unknown}
 q - a potion of cancellation {unknown}


   Skills:
 + Level 3.1 Fighting
 - Level 1.5 Dodging
 * Level 6.2 Unarmed Combat
 * Level 5.8 Shapeshifting


You had 6 spell levels left.
You didn't know any spells.
Your spell library was empty.

Dungeon Overview and Level Annotations

Branches:
Dungeon (5/15)             Temple (1/1) D:4           Sewer (visited)

Altars:
Ashenzari
Cheibriados
Dithmenos
Elyvilon
Fedhas
Gozag
Hepliaklqana
Kikubaaqudgha
Makhleb
Nemelex Xobeh
Okawaru
Qazlal
Ru
Sif Muna
Trog
Uskayaw
Vehumet
Wu Jian
Xom
Yredelemnul
Zin

Shops:
D:4 !

Annotations:
D:5 Menkaure


Innate Abilities, Weirdness & Mutations

You are a hulking beast.
Your limbs bulge with bestial killing power. (Slay +3)
You are too large for most types of armour.
You have claws for hands.
Your natural rate of healing is unusually fast.
You are covered in fur. (AC +1)
You have tough skin. (AC +1)


Message History

* * * LOW HITPOINT WARNING * * *
The arrow burns you.
* * * LOW HITPOINT WARNING * * *
You climb upwards.
There is a stone staircase leading down here.
You start resting.
HP restored.
You climb downwards.
Level annotation: Menkaure The lemure shouts!
You hear a shout!
The hound barely misses you. The jelly barely misses you.
The hound closely misses you. The lemure hits you!
The centaur shoots an arrow.
The arrow hits you. The arrow burns you.
The lemure hits you but does no damage. The jelly hits you.
You are splashed with acid.
There is a stone staircase leading up, spattered with blood here.
The hound closely misses you.
The centaur shoots an arrow.
The arrow hits you! The arrow burns you.
The lemure hits you. x2; The jelly hits you.
You are splashed with acid!
* * * LOW HITPOINT WARNING * * *
The hound bites you.
* * * LOW HITPOINT WARNING * * *
The centaur shoots an arrow.
The arrow hits you.
* * * LOW HITPOINT WARNING * * *
The arrow burns you.
* * * LOW HITPOINT WARNING * * *
You climb upwards.
There is a stone staircase leading down here.
You closely miss the hound.
The hound is lightly wounded.
The hound bites you but does no damage. The lemure hits you.
* * * LOW HITPOINT WARNING * * *
The lemure hits you.
* * * LOW HITPOINT WARNING * * *
You barely miss the hound.
The hound is lightly wounded.
The hound bites you.
* * * LOW HITPOINT WARNING * * *
The lemure hits you!
You die...

### #########.#
#.........# #.#######.#
#.# ####.# #.####....#
#...##.##########
####.##.#####.....
#hh.....#.........
#55J..............
#######...####.........
#...........#..........
#.###<................#
#.......#.#.##........#
#######.#....'.....)).#
#...#.#..#......).#
######.#'##.######.).#


You could see 2 lemures, a hound and a jelly.

Vanquished Creatures
  Sigmund (D:2)
  2 kobold brigands (Sewer)
  2 brain worms (Sewer)
  An orc priest (D:4)
  Terence (D:2)
  An iguana (D:4)
  Natasha (twice) (D:4)
  An orc wizard (D:4)
  Robin (D:2)
  14 adders
  3 river rats (Sewer)
  2 ribbon worms (D:4)
  5 dart slugs
  6 orcs (D:4)
  7 endoplasms
  3 giant cockroaches
  10 goblins
  4 hobgoblins (D:2)
  3 jackals (Sewer)
  A quokka (D:2)
  6 ball pythons
  2 bats
  8 frilled lizards
  13 kobolds
  7 rats
106 creatures vanquished.

Notes
Turn   | Place    | Note
-------+----------+-------------------------------------------
     0 | D:1      | Alphaeus the Troll Shapeshifter began the quest for the
                  | Orb.
     0 | D:1      | Reached XP level 1. HP: 18/18 MP: 0/0
   197 | D:1      | Reached skill level 1 in Fighting
   200 | D:1      | Reached XP level 2. HP: 27/27 MP: 1/1
   604 | D:2      | Reached XP level 3. HP: 32/33 MP: 2/2
   608 | D:2      | Noticed Terence
   618 | D:2      | Killed Terence
   645 | D:2      | Noticed Sigmund
   656 | D:2      | Killed Sigmund
   657 | D:2      | Reached skill level 4 in Unarmed Combat
   657 | D:2      | Reached XP level 4. HP: 4/42 MP: 3/3
   657 | D:2      | Reached XP level 5. HP: 5/49 MP: 4/4
  1114 | D:2      | Noticed Robin
  1133 | D:2      | Killed Robin
  1499 | D:3      | Reached XP level 6. HP: 54/57 MP: 5/5
  1619 | D:3      | Found a faded altar of an unknown god.
  1866 | D:3      | Found a glowing drain.
  1881 | Sewer    | Entered a sewer
  1898 | Sewer    | Reached skill level 5 in Unarmed Combat
  2038 | Sewer    | Reached skill level 5 in Shapeshifting
  2144 | Sewer    | Reached XP level 7. HP: 66/66 MP: 6/6
  2407 | D:4      | Found a staircase to the Ecumenical Temple.
  2457 | Temple   | Entered the Ecumenical Temple
  2475 | Temple   | Became a worshipper of Qazlal Stormbringer
  2538 | D:4      | Reached skill level 6 in Unarmed Combat
  2643 | D:4      | Found Yhoupsim's Distillery.
  2651 | D:4      | Bought a potion of degeneration for 14 gold pieces
  2651 | D:4      | Bought a potion of curing for 42 gold pieces
  2804 | D:4      | Noticed Natasha
  2807 | D:4      | Killed Natasha
  2867 | D:4      | Noticed Natasha
  2871 | D:4      | Killed Natasha
  2935 | D:5      | Entered Level 5 of the Dungeon
  2935 | D:5      | Noticed Menkaure
  2995 | D:4      | Slain by a lemure

Illustrated notes

Levels and vault maps discovered:
D:1:      tekkud_arrival_beachfront_property, layout_basic,
          minmay_misc_feat_secret_circle
D:2:      layout_basic, hangedman_decor_diamond_cutter, uniq_terence,
          uniq_sigmund, uniq_robin
D:3:      layout_rooms, portal_sewer_entry_d,
          shapermc_ecumenical_altar_mp_urbaneastern, small_statue_intersection
D:4:      layout_basic, minmay_temple_entry_enclosed_plants, serial_shops, shop,
          uniq_natasha
D:5:      layout_rooms, uniq_crazy_yiuf_cottage, uniq_pikel, uniq_menkaure
Temple:   roderic_octagonal_lattice_temple

Skill      XL: |  1  2  3  4  5  6  7 |
---------------+----------------------+-----
Fighting       | 1 2 3 |  3.1
Unarmed Combat | 4 5 6 |  6.2
Shapeshifting  | 4 5 |  5.8
Dodging        | |  1.5

Action                     |  1- 3 |  4- 6 |  7- 9 || total
---------------------------+-------+-------+-------++-------
  Melee: Unarmed           |    49 |   152 |    65 ||   266
         Punch             |     2 |     5 |       ||     7
   Stab: Sleeping          |       |     1 |       ||     1
 Armour: Animal skin       |    34 |    76 |    67 ||   177
  Dodge: Dodged            |    19 |    51 |    20 ||    90
